 Dungeon Crawl Stone Soup version 0.24.0-5-g267a8d59f4 (webtiles) character file.

Game seed: 13357958862383459096, levelgen mode: deterministic

901302 mortelune the Annihilator (level 27, -1/215 HPs)
             Began as a Deep Elf Fire Elementalist on Nov 1, 2019.
             Was the Champion of Vehumet.
             Killed from afar by Asmodeus (23 damage)
             ... with damnation
             ... on level 7 of Gehenna on Nov 2, 2019.
             The game lasted 08:15:20 (140566 turns).

mortelune the Annihilator (DEFE)                  Turns: 140566, Time: 08:15:21

Health: -1/215     AC: 39    Str: 13    XL:     27
Magic:  6/56       EV: 29    Int: 41    God:    Vehumet [******]
Gold:   724        SH:  8    Dex: 13    Spells: 2/74 levels left

rFire    + + +     SeeInvis +   S - +9 lance "Wyrmbane" {slay drac, rPois rF+ rC+ AC+3}
rCold    + + .     Gourm    .   T - +3 warlock's mirror {reflect}
rNeg     + . .     Faith    .   (armour currently unavailable)
rPois    ∞         Spirit   .   r - +1 helmet {SInv}
rElec    +         Reflect  +   W - scarf {cloud immunity}
rCorr    +         Harm     .   (gloves currently unavailable)
MR       +++..                  (boots currently unavailable)
Stlth    ++........             V - amulet "Jeli" {*Drain rF++ Regen+ Str+3 Stlth+}
HPRegen  0.85/turn              Q - ring of Jesavyq {*Drain MP+9 Str+4 Int+7 Stlth-}
MPRegen  0.35/turn              d - ring of Pewk {rF+ MR+ Str-5 Int+4}

@: about to teleport, statue-form, resistant, very slow
A: hooves 1, blurry vision 1, clumsy 1, low mp 1, electricity resistance, strong
1, wild magic 1
}: 5/15 runes: serpentine, barnacled, slimy, silver, abyssal
a: End Transformation, Renounce Religion


You were on level 7 of Gehenna.
You worshipped Vehumet.
Vehumet was exalted by your worship.
You were not hungry.
You were a stone statue.
You visited 14 branches of the dungeon, and saw 66 of its levels.
You visited the Abyss 1 time.
You visited 1 bazaar.
You also visited: Ossuary and Desolation.

You collected 9426 gold pieces.
You spent 8702 gold pieces at shops.

Inventory:

Hand Weapons
 R - the +8 arc blade {discharge, rElec}
   (You took it off a deep elf archer on level 1 of the Elven Halls)

   It insulates you from electricity.
 S - the +9 lance "Wyrmbane" (weapon) {slay drac, rPois rF+ rC+ AC+3}
   (You found it on level 3 of the Depths)

   It affects your AC (+3).
   It protects you from fire.
   It protects you from cold.
   It protects you from poison.
Armour
 b - a +2 pair of boots of running (melded)
 h - the +3 pair of gauntlets of War (melded) {Slay+5}
   (You found it on level 4 of the Depths)

   It affects your accuracy and damage with ranged weapons and melee attacks
   (+5).
 o - the +1 robe of Mirth {rElec rC++ Dex+4 Stlth-}
   (You bought it in a shop on level 3 of the Vaults)

   It affects your dexterity (+4).
   It greatly protects you from cold.
   It insulates you from electricity.
   It makes you less stealthy.
 r - a +1 helmet of see invisible (worn)
 F - the +2 ratskin cloak {+Rats rPois rN+ Str-1 Int-1 Dex+1}
   (You bought it in a shop on level 1 of the Orcish Mines)

   It affects your strength (-1).
   It affects your intelligence (-1).
   It affects your dexterity (+1).
   It protects you from poison.
   It protects you from negative energy.
 I - the +0 leather armour of the Sky {rN++ MR+ Str-2 Dex+3}
   (You took it off a deep elf annihilator on level 3 of the Elven Halls)

   It affects your strength (-2).
   It affects your dexterity (+3).
   It greatly protects you from negative energy.
   It affects your resistance to hostile enchantments.
 M - the cursed +1 robe "Decuc" {-Tele +Fly rF+++ Int+2}
   (You found it on level 1 of the Abyss)

   It affects your intelligence (+2).
   It renders you almost immune to fire.
   It lets you fly.
   It prevents most forms of teleportation.
   It has a curse placed upon it.
 T - the +3 warlock's mirror (worn) {reflect}
   (You bought it in a shop on level 1 of the Orcish Mines)
 W - a scarf of cloud immunity (worn)
 Y - a +2 robe of the Archmagi (melded)
Magical Staves
 L - an uncursed staff of energy
Jewellery
 d - the ring of Pewk (right hand) {rF+ MR+ Str-5 Int+4}
   (You found it on level 3 of the Depths)

   [ring of protection from magic]

   It affects your strength (-5).
   It affects your intelligence (+4).
   It protects you from fire.
   It affects your resistance to hostile enchantments.
 t - the ring "Neqyojaeh" {Ice rElec MR+ Str-3 SInv}
   (You found it on level 1 of the Depths)

   [ring of ice]

   It enhances your ice magic.
   It affects your strength (-3).
   It makes you vulnerable to fire.
   It protects you from cold.
   It insulates you from electricity.
   It affects your resistance to hostile enchantments.
   It lets you see invisible.
 A - an uncursed ring of flight
 G - the ring of Uskayaw's Benevolence {rPois MR+ Str-5 Dex+2}
   (You took it off a balrug on level 7 of Gehenna)

   [ring of protection from magic]

   It affects your strength (-5).
   It affects your dexterity (+2).
   It protects you from poison.
   It affects your resistance to hostile enchantments.
 P - an uncursed ring of see invisible
 Q - the ring of Jesavyq (left hand) {*Drain MP+9 Str+4 Int+7 Stlth-}
   (You bought it in a shop in a bazaar)

   [ring of strength]

   It affects your strength (+4).
   It affects your intelligence (+7).
   It affects your magic capacity (+9).
   It causes draining when unequipped.
   It makes you less stealthy.
 U - an uncursed ring of resist corrosion
 V - the amulet "Jeli" (around neck) {*Drain rF++ Regen+ Str+3 Stlth+}
   (You bought it in a shop on level 2 of the Orcish Mines)

   [amulet of regeneration]

   It affects your strength (+3).
   It greatly protects you from fire.
   It increases your rate of regeneration.
   It causes draining when unequipped.
   It makes you more stealthy.
Wands
 i - a wand of acid (47)
 s - a wand of clouds (7)
 X - a wand of digging (1)
Scrolls
 a - 5 scrolls of immolation
 e - 10 scrolls of blinking
 g - 9 scrolls of fog
 k - 17 scrolls of remove curse
 l - 4 scrolls of identify
 p - 15 scrolls of teleportation
 D - 11 scrolls of magic mapping
 H - 5 scrolls of fear
 J - 9 scrolls of amnesia
 Z - a scroll of summoning
Potions
 f - 10 potions of might
 j - 8 potions of flight
 m - 11 potions of agility
 n - 11 potions of ambrosia
 q - 22 potions of curing
 u - 2 potions of heal wounds
 v - 2 potions of cancellation
 w - 15 potions of mutation
 x - 6 potions of berserk rage
 z - 3 potions of invisibility
 B - 9 potions of haste
 C - a potion of magic
 E - 9 potions of brilliance
 K - 6 potions of resistance
Miscellaneous
 N - the horn of Geryon
 O - a crystal ball of energy
Comestibles
 c - 37 rations


   Skills:
 + Level 15.2 Fighting
 - Level 10.0 Short Blades
 * Level 6.3 Polearms
 - Level 8.8 Armour
 - Level 26.2 Dodging
 - Level 2.4 Stealth
 - Level 4.0 Shields
 - Level 24.0 Spellcasting
 O Level 27 Conjurations
 - Level 12.7 Transmutations
 + Level 26.4 Fire Magic
 + Level 11.5 Ice Magic
 - Level 20.8 Air Magic
 * Level 15.8 Evocations


You had 2 spell levels left.
You knew the following spells:

 Your Spells              Type           Power        Failure   Level  Hunger
a - Flame Tongue          Conj/Fire      #####        1%          1    None
b - Throw Flame           Conj/Fire      ######       1%          2    None
c - Glaciate              Conj/Ice       ########..   5%          9    #......
d - Sticky Flame          Conj/Fire      ########     1%          4    None
e - Fireball              Conj/Fire      ########..   1%          5    None
f - Airstrike             Air            ########..   1%          4    None
h - Ignition              Fire           ########..   1%          8    None
i - Tornado               Air            ########..   3%          9    #......
j - Statue Form           Tmut/Erth      #######..    7%          6    None
q - Blink                 Tloc           N/A          1%          2    None
r - Orb of Destruction    Conj           #########.   1%          7    None
v - Fire Storm            Conj/Fire      ########..   1%          9    #......
x - Freezing Cloud        Conj/Ice/Air   ########..   1%          6    None

Your spell library contained the following spells:

 Spells                   Type           Power        Failure   Level  Hunger
 Chain Lightning          Conj/Air       ########..   1%          8    None
 Animate Skeleton         Necr           N/A          1%          1    None
 Apportation              Tloc           ######       1%          1    None
 Beastly Appendage        Tmut           ######       1%          1    None
 Confusing Touch          Hex            ######       1%          1    None
 Corona                   Hex            ######.      1%          1    None
 Freeze                   Ice            ####         1%          1    None
 Magic Dart               Conj           ####         1%          1    None
 Pain                     Necr           ####         1%          1    None
 Shock                    Conj/Air       ####         1%          1    None
 Summon Butterflies       Summ           ######..     1%          1    None
 Summon Small Mammal      Summ           ####         1%          1    None
 Call Imp                 Summ           ######..     1%          2    None
 Corpse Rot               Necr           N/A          1%          2    None
 Poisonous Vapours        Pois/Air       ######       1%          2    None
 Searing Ray              Conj           ######       1%          2    None
 Slow                     Hex            ######..     1%          2    None
 Sticks to Snakes         Tmut           ########     1%          2    None
 Swiftness                Chrm/Air       ########     1%          2    None
 Throw Frost              Conj/Ice       ######       1%          2    None
 Conjure Flame            Conj/Fire      ########     1%          3    None
 Dazzling Spray           Conj/Hex       ######       1%          3    None
 Inner Flame              Hex/Fire       ########     1%          3    None
 Mephitic Cloud           Conj/Pois/Air  ########     1%          3    None
 Ozocubu's Armour         Chrm/Ice       #######.     1%          3    None
 Spider Form              Tmut/Pois      #######...   1%          3    None
 Static Discharge         Conj/Air       ########     1%          3    None
 Stone Arrow              Conj/Erth      ######       1%          3    None
 Force Lance              Conj/Tloc      ########     1%          4    None
 Fulminant Prism          Conj/Hex       ########..   1%          4    None
 Ice Form                 Ice/Tmut       ########     1%          4    None
 Iskenderun's Mystic Bla  Conj           ########     1%          4    None
 Petrify                  Tmut/Erth      #######.     1%          4    None
 Summon Ice Beast         Ice/Summ       #######.     1%          4    None
 Summon Lightning Spire   Summ/Air       ########     1%          4    None
 Throw Icicle             Conj/Ice       ########     1%          4    None
 Alistair's Intoxication  Tmut/Pois      #######.     1%          5    None
 Blade Hands              Tmut           ########..   1%          5    None
 Bolt of Draining         Conj/Necr      ########..   1%          5    None
 Bolt of Magma            Conj/Fire/Erth ########..   1%          5    None
 Irradiate                Conj/Tmut      ########..   1%          5    None
 Iskenderun's Battlesphe  Conj/Chrm      ########     1%          5    None
 Lightning Bolt           Conj/Air       ########..   1%          5    None
 Silence                  Hex/Air        ########..   1%          5    None
 Venom Bolt               Conj/Pois      ########..   1%          5    None
 Yara's Violent Unravell  Hex/Tmut       #######...   1%          5    None
 Bolt of Cold             Conj/Ice       ########..   1%          6    None
 Conjure Ball Lightning   Conj/Air       ########..   1%          6    None
 Deflect Missiles         Chrm/Air       ########..   1%          6    None
 Hydra Form               Tmut           ########..   1%          6    None
 Iron Shot                Conj/Erth      ########..   1%          6    None
 Spellforged Servitor     Conj/Summ      ########..   1%          7    None
 Call Canine Familiar     Summ           ######..     2%          3    None
 Confuse                  Hex            ######..     2%          3    None
 Gell's Gravitas          Tloc           ######....   2%          3    None
 Lesser Beckoning         Tloc           ######....   2%          3    None
 Portal Projectile        Hex/Tloc       ######       2%          3    None
 Regeneration             Chrm/Necr      ######....   2%          3    None
 Summon Guardian Golem    Hex/Summ       ######..     2%          3    None
 Tukima's Dance           Hex            ######..     2%          3    None
 Vampiric Draining        Necr           ######....   2%          3    None
 Metabolic Englaciation   Hex/Ice        #######...   2%          5    None
 Dragon Form              Tmut           ########..   3%          7    None
 Ring of Flames           Chrm/Fire      ########..   3%          7    None
 Lee's Rapid Deconstruct  Erth           ######....   4%          5    None
 Animate Dead             Necr           N/A          6%          4    None
 Cause Fear               Hex            ######....   6%          4    None
 Leda's Liquefaction      Hex/Erth       ######....   6%          4    None
 Summon Forest            Summ/Tloc      ######....   16%         5    None
 Dispersal                Tloc           ######....   61%         6    None
 Invisibility             Hex            ######..     61%         6    None
 Summon Hydra             Summ           ######....   98%         7    None
 Controlled Blink         Tloc           N/A          100%        8    None
 Disjunction              Tloc           ######....   100%        8    None
 Shatter                  Erth           ######....   100%        9    #......


Dungeon Overview and Level Annotations

Branches:
Dungeon (15/15)            Temple (1/1) D:4            Lair (6/6) D:8
 Shoals (4/4) Lair:3        Snake (4/4) Lair:4        Slime (5/5) Lair:6
    Orc (2/2) D:9             Elf (3/3) Orc:2        Vaults (5/5) D:13
  Crypt (3/3) Vaults:2       Tomb (0/3) Crypt:3      Depths (5/5) D:15
   Hell (visited)             Dis (0/7) Hell            Geh (7/7) Hell
    Coc (0/7) Hell            Tar (0/7) Hell            Zot (5/5) Depths:5
Ossuary (visited)         Desolation (visited)

Altars:
Cheibriados
Dithmenos
Elyvilon
Fedhas
Gozag
Hepliaklqana
Kikubaaqudgha
Makhleb
Nemelex Xobeh
Okawaru
Qazlal
Ru
Sif Muna
Trog
Uskayaw
Vehumet
Wu Jian
Xom
Yredelemnul
Zin
The Shining One
Lugonu

Shops:
D:5 *   D:7 ?   D:8 (   D:13 [*?:}   Orc:1 [   Orc:2 ([=?*   Shoals:1 ?
Shoals:2 :   Snake:1 *   Vaults:1 [(*   Vaults:2 (*=?   Vaults:3 [
Vaults:5 ?%?!!?%%   Depths:1 ==}   Depths:3 =

Portals:
Hell: Depths:1 Depths:2 Depths:3 Depths:4 Depths:5
Abyss: Depths:3 Depths:4
Pandemonium: Depths:3 Depths:4
Ziggurat: Depths:3

Annotations:
Snake:4 1 runed translucent door, Sokuv's ghost, adept DECj
Elf:2 1 runed translucent door, Hiliwumm's ghost, veteran MiGl
Vaults:1 1 runed translucent door, quaternion's ghost, veteran MiFi
Geh:7 Asmodeus


Innate Abilities, Weirdness & Mutations

You have large cloven feet.
((You are partially covered in iridescent scales. (AC +2)))
((You are partially covered in molten scales. (AC +2)))
Scrolls take you a little longer to read.
You are clumsy. (Dex -2)
Your magical capacity is low. (-10% MP)
You are resistant to electric shocks. (rElec)
Your muscles are strong. (Str +2)
Your spells are a little harder to cast, but a little more powerful.


Message History

Really read with blurry vision while enemies are nearby?
You begin reading the scroll.
You continue reading the scroll.
The efreet gestures at you.
The bolt of fire hits Asmodeus.
Asmodeus completely resists.
The bolt of fire hits the efreet.
The efreet completely resists.
Your +3 warlock's mirror {reflect} reflects the bolt of fire!
The bolt of fire hits the efreet.
The efreet completely resists.
The bolt of fire hits Asmodeus but does no damage.
The efreet misses you. Asmodeus gestures at you.
The bolt of fire hits the efreet.
The efreet completely resists.
The bolt of fire hits you but does no damage.
As you read the scroll of teleportation, it crumbles to dust.
You feel strangely unstable.
Casting: Blink (safe; 1% risk of failure)
Confirm with . or Enter, or press ? or * to list all spells.
You blink.
Asmodeus gestures at you.
The sphere of damnation explodes!
The damnation engulfs you!!
You die...

#############'''#################
#############'''######
......................
........§.............
....≈≈≈§≈≈≈≈≈≈≈≈≈≈≈≈≈≈
..≈≈≈≈≈§§≈≈≈≈≈≈≈≈≈≈§≈§
≈≈§≈##########§######≈
≈≈≈≈#############R§##
§§≈≈##....#...##81§§#
######....'...§§°§○§#
#....#...##○&R§# ##'#######.°○○##
####'#######☼°###
####..........#..#
...'.....####.#☼.#
.###.....#..[.#..#
.###.....#)}'.#..#


You could see Asmodeus, a Brimstone Fiend and 2 efreet.

Vanquished Creatures
  the Royal Jelly (Slime:5)
  5 orbs of fire (Zot:5)
  Mara (Snake:3)
  Khufu (Crypt:3)
  2 juggernauts
  6 ancient liches
  Sojobo (Crypt:3)
  Boris (twice) (Vaults:4 Depths:5)
  Frederick (Crypt:3)
  6 Killer Klowns
  Margery (Vaults:4)
  Bai Suzhen (Shoals:3)
  A curse toe (Zot:3)
  Saint Roka (D:13)
  Geryon (Hell)
  2 caustic shrikes (Depths:2)
  Nikola (Elf:2)
  8 golden dragons
  Jory (Crypt:2)
  5 bone dragons
  28 Brimstone Fiends
  5 electric golems
  A hellephant (Hell)
  Jorgrun (D:15)
  A Hell Sentinel (Geh:5)
  21 tentacled monstrosities
  24 Orb Guardians (Zot:5)
  2 deep elf blademasters
  12 liches
  A deep elf master archer (Elf:3)
  16 quicksilver dragons
  6 titans
  7 death cobs
  20 acid blobs
  A sphinx (D:14)
  2 Executioners (Abyss:3)
  11 shadow dragons
  4 tentacled starspawn (Abyss:3)
  9 tengu reavers
  Donald (Elf:3)
  A shadow dragon (shapeshifter) (D:15)
  11 storm dragons
  9 draconian monks
  9 nagarajas
  11 azure jellies
  15 fire giants
  11 frost giants
  Ilsuiw (Shoals:3)
  A revenant (Hell)
  8 draconian knights
  5 deep elf sorcerers (Elf:3)
  23 vault wardens
  4 ghost moths
  14 balrugs
  3 iron dragons
  A ghost moth (shapeshifter) (Depths:4)
  4 draconian scorchers
  2 orc warlords
  4 cacodemons (Abyss:3)
  9 draconian shifters
  2 curse skulls (Crypt:1)
  5 deep elf elementalists
  8 ghouls
  7 draconian annihilators
  23 very ugly things
  16 reapers
  9 ironheart preservers
  3 vampire knights
  7 draconian stormcallers
  11 war gargoyles
  18 stone giants
  The ghost of Shukka the Fighter, a journeyman MiBe of Trog (D:12)
  14 green draconians
  4 deep elf demonologists
  A stone giant (shapeshifter) (Depths:2)
  An entropy weaver (Vaults:5)
  Azrael (Elf:2)
  15 black draconians
  21 yellow draconians
  7 deep elf annihilators
  2 lorocyprocas (Hell)
  21 purple draconians
  9 red draconians
  14 white draconians
  An ettin (shapeshifter) (Depths:4)
  5 merfolk javelineers
  The ghost of Pupilyir the Severer, a journeyman MiBe of Trog (D:11)
  12 deep elf death magi
  Snorg (D:10)
  4 eidola
  4 quicksilver dragon zombies
  9 merfolk impalers
  9 death oozes
  The ghost of Yphutt the Thaumaturge, a journeyman GnSk of Okawaru (D:11)
  15 crystal guardians
  13 fire dragons
  6 deep elf high priests
  7 blizzard demons
  28 ettins
  2 green deaths
  12 jiangshi
  The ghost of dangerrune1 the Geomancer, a journeyman GrEE of Vehumet (D:11)
  Josephine (D:12)
  6 yaktaur captains
  Erolcha (D:9)
  13 great orbs of eyes
  Fannar (Lair:2)
  9 ice dragons
  7 rakshasas
  37 vault guards
  13 hydras
  13 naga warriors
  A ragged hierophant (Desolation)
  2 peacekeepers (Desolation)
  14 anacondas
  4 death knights
  5 catoblepae
  3 merfolk avatars
  13 centaur warriors
  4 quicksilver dragon skeletons
  5 spriggan air magi
  4 merfolk aquamancers
  Erica (D:8)
  48 two-headed ogres
  2 two-headed ogres (shapeshifter)
  The ghost of Vexag the Chopper, a novice HOMo (D:11)
  3 death yaks (Depths:3)
  8 deep troll earth magi
  44 dancing weapons
  12 deep troll shamans
  19 ogre magi
  39 hell hogs
  5 tengu warriors
  9 vampire magi
  3 spriggan berserkers
  4 orc high priests (Orc:2)
  21 small abominations
  4 thrashing horrors (Abyss:3)
  12 naga sharpshooters
  Urug (D:13)
  82 hell knights
  17 shock serpents
  9 titan zombies
  14 sun demons
  5 titan skeletons
  4 storm dragon zombies
  2 wretched stars (Abyss:3)
  7 salamander mystics
  5 soul eaters
  24 deep elf knights
  3 iron golems
  4 shadow wraiths
  7 storm dragon skeletons
  2 sixfirhies
  32 skeletal warriors
  3 anaconda zombies
  3 sea snakes
  5 wizards
  A glowing orange brain (shapeshifter) (Depths:4)
  13 glowing orange brains
  4 golden dragon zombies
  9 unseen horrors
  8 iron trolls
  A ghost moth zombie (Crypt:2)
  38 deep trolls
  7 orange crystal statues
  3 obsidian statues
  4 lindwurms (Snake:4)
  20 deep elf archers
  20 flayed ghosts
  20 harpies
  14 ironbrand convokers
  4 shadow dragon zombies
  5 naga ritualists
  A harpy (shapeshifter) (Vaults:2)
  10 orc knights
  2 golden dragon skeletons
  38 necromancers
  6 anaconda skeletons
  13 phantasmal warriors
  2 orb spiders (shapeshifter)
  2 frost giant zombies
  3 wolf spider zombies
  3 fire giant zombies
  A shining eye (shapeshifter) (D:14)
  27 moths of wrath
  5 shining eyes
  10 mana vipers
  10 cyclopes
  18 manticores
  5 fauns (Shoals:3)
  3 orc sorcerers
  4 wolf spiders
  A salamander (shapeshifter) (Vaults:1)
  3 stone giant zombies
  56 ugly things
  4 shadow dragon skeletons
  68 deep elf magi
  6 worldbinders
  An elephant (shapeshifter) (Depths:4)
  A manticore (shapeshifter) (Depths:1)
  A faun (shapeshifter) (Depths:2)
  2 iron dragon skeletons
  7 salamanders
  9 guardian serpents
  A moth of wrath (shapeshifter) (Vaults:5)
  A stone giant skeleton (Crypt:3)
  38 black mambas
  A dire elephant zombie (Geh:4)
  3 fire giant skeletons
  3 shock serpent zombies (Geh:4)
  2 torpor snails (shapeshifter)
  15 molten gargoyles
  7 water nymphs
  2 black mambas (shapeshifter)
  10 merfolk sirens
  15 vault sentinels
  18 naga magi
  12 elephants
  13 smoke demons
  12 rust devils
  5 frost giant skeletons
  Psyche (D:10)
  An apocalypse crab (Abyss:3)
  22 spiny frogs
  2 orange demons
  5 spectral swamp worms (Depths:2)
  A dire elephant skeleton (Crypt:3)
  An eye of devastation (shapeshifter) (Depths:4)
  25 hellions
  3 eyes of devastation
  A rime drake (shapeshifter) (Depths:4)
  A catoblepas zombie (Geh:7)
  5 gargoyles
  2 shock serpent skeletons
  An emperor scorpion zombie (Geh:5)
  2 rime drakes (Lair:2)
  9 freezing wraiths
  8 efreet
  10 komodo dragons
  An anaconda simulacrum (Hell)
  A yaktaur zombie (D:15)
  9 tengu conjurers
  2 demonic crawlers (Hell)
  52 yaktaurs
  2 ice devils
  28 red devils
  15 tormentors
  A yaktaur (shapeshifter) (D:13)
  14 trolls
  18 merfolk
  3 ancient zymes
  5 wind drakes
  A hellwing (Depths:3)
  A jumping spider (shapeshifter) (Vaults:3)
  11 polar bears
  6 hydra zombies
  A meliai (shapeshifter) (Vaults:5)
  A wind drake (shapeshifter) (Vaults:1)
  A troll (shapeshifter) (Vaults:5)
  2 polar bears (shapeshifter)
  A harpy skeleton (Crypt:2)
  An alligator zombie (Geh:5)
  6 hydra skeletons
  9 raiju
  A bog body (Crypt:2)
  An elf zombie (Depths:2)
  5 hornets
  8 saltlings (Desolation)
  Prince Ribbit (Lair:2)
  124 slime creatures
  4 ettin zombies
  2 spriggan zombies
  A deep troll zombie (D:15)
  A raiju (shapeshifter) (Vaults:1)
  6 snapping turtles
  3 fire dragon zombies
  9 dream sheep
  A stone giant simulacrum (Vaults:3)
  16 hippogriffs
  10 blink frogs
  A centaur simulacrum (D:13)
  A spriggan (shapeshifter) (Vaults:1)
  3 ice dragon zombies
  A fire giant simulacrum (Hell)
  3 redbacks (Lair:6)
  A hippogriff (shapeshifter) (Vaults:2)
  A redback (shapeshifter) (Depths:4)
  Sigmund (D:4)
  104 flying skulls
  5 starcursed masses
  2 vampires
  23 water elementals
  8 air elementals
  17 wyverns
  4 ettin skeletons
  A black mamba zombie (Geh:7)
  4 ice dragon skeletons
  5 fire dragon skeletons
  13 shadows
  A tarantella (shapeshifter) (Depths:4)
  3 ynoxinuls
  38 fire elementals
  32 wraiths
  Grum (D:8)
  3 hogs (D:8)
  36 yaks
  2 fire bats (Abyss:2)
  A golden eye (shapeshifter) (D:14)
  6 basilisks
  2 hogs (shapeshifter)
  A human (D:8)
  8 vampire mosquitoes
  A basilisk (shapeshifter) (Vaults:1)
  3 chaos spawn (Abyss:3)
  5 golden eyes
  A neqoxec (Abyss:3)
  Edmund (D:5)
  47 nagas
  9 wargs
  A soldier ant (shapeshifter) (Elf:2)
  A swamp worm (shapeshifter) (D:14)
  27 large abominations (Abyss:3)
  5 hungry ghosts
  2 acid dragons
  A water moccasin (shapeshifter) (Abyss:3)
  3 insubstantial wisps (Depths:4)
  A monstrous demonspawn zombie (Crypt:2)
  30 water moccasins
  2 merfolk skeletons (Geh:2)
  2 soldier ants (D:13)
  71 hell hounds
  A floating eye (shapeshifter) (Vaults:2)
  3 floating eyes
  12 porcupines
  A spiny frog zombie (Geh:3)
  6 ice beasts
  A spiny frog skeleton (Hell)
  4 sky beasts
  A hornet zombie (D:14)
  39 orc warriors
  An eye of draining (shapeshifter) (Abyss:3)
  An ice dragon simulacrum (Abyss:3)
  A black bear (shapeshifter) (Vaults:1)
  An elephant zombie (Lair:5)
  5 eyes of draining
  12 black bears
  7 phantoms
  A manticore zombie (Crypt:3)
  18 necrophages
  31 wolves
  8 boggarts
  43 ogres
  2 snapping turtle skeletons
  An ogre (shapeshifter) (Abyss:3)
  A wolf (shapeshifter) (Depths:4)
  3 snapping turtle zombies
  2 manticore skeletons (Geh:4)
  12 crocodiles
  18 centaurs
  4 swamp dragon skeletons
  A big kobold (D:13)
  2 elf skeletons
  22 bullfrogs
  8 earth elementals
  4 human skeletons
  A wyvern skeleton (D:12)
  7 scorpions
  2 water moccasin zombies
  3 water moccasin skeletons
  4 killer bees (D:12)
  A troll zombie (Crypt:1)
  A snapping turtle simulacrum (Hell)
  52 wights
  11 electric eels
  5 howler monkeys
  18 crimson imps
  6 lava snakes
  A bullfrog zombie (D:10)
  2 quasits (Depths:3)
  5 centaur zombies
  2 human zombies
  13 orc priests
  9 centaur skeletons
  5 jellies
  29 orc wizards
  A basilisk zombie (Lair:5)
  6 hounds
  3 iron imps
  3 bullfrog skeletons
  13 worker ants
  8 iguanas
  A killer bee zombie (D:9)
  8 big kobold zombies
  3 tengu zombies
  2 crocodile zombies (Lair:5)
  A tengu skeleton (Crypt:2)
  A naga skeleton (Crypt:2)
  A hound zombie (D:6)
  2 mummies
  2 worker ant zombies (D:6)
  26 adders
  5 shadow imps
  2 steam dragon skeletons
  10 white imps
  2 ufetubi (Abyss:3)
  2 adder skeletons (D:4)
  4 ball lightnings (Depths:4)
  3 dart slugs
  3 worms
  10 leopard geckos
  97 orcs
  2 spectral bats (Ossuary)
  5 ball pythons
  A giant cockroach (D:6)
  4 goblins
  3 hobgoblins
  12 jackals
  4 quokkas
  2 ball python skeletons
  A bat (D:3)
  4 bat simulacra (Ossuary)
  5 frilled lizards
  5 gnoll zombies (Ossuary)
  6 goblin simulacra (Ossuary)
  8 goblin zombies
  2 hobgoblin zombies (Ossuary)
  8 kobolds
  7 kobold simulacra (Ossuary)
  6 kobold zombies (Ossuary)
  A leopard gecko skeleton (D:4)
  An orc skeleton (Crypt:1)
  3 orc zombies (Ossuary)
  A quokka zombie (D:9)
  17 rats
  2 rat simulacra (Ossuary)
  A river rat zombie (Crypt:1)
  3 spectral goblins (Ossuary)
  7 spectral rats (Ossuary)
  17 blocks of ice
  2 butterflies (Lair:3)
  3 crawling corpses (Elf:3)
  92 fire vortices
  5 fungi
  A lurking horror (Abyss:3)
  5 macabre masses (Abyss:3)
  33 plants
  2 withered plants (D:15)
3973 creatures vanquished.

Vanquished Creatures (collateral kills)
  A greater mummy (Crypt:3)
  An Orb Guardian (Zot:5)
  A shadow dragon (Zot:5)
  A storm dragon (Zot:3)
  A draconian scorcher (Zot:1)
  An ironheart preserver (Vaults:5)
  A ghoul (Crypt:1)
  A green draconian (Zot:4)
  3 purple draconians
  3 yellow draconians
  A white draconian (Zot:1)
  A jiangshi (Crypt:2)
  A vault guard (Vaults:5)
  2 death yaks (Depths:3)
  A storm dragon zombie (Geh:3)
  2 skeletal warriors
  An ugly thing (Depths:5)
  A shadow dragon skeleton (Geh:5)
  An orange demon (Hell)
  A harpy zombie (Crypt:2)
  3 slime creatures (Slime:5)
  An air elemental (Depths:4)
  2 water elementals
  A large abomination (Abyss:3)
  2 wights (Abyss:3)
  A mummy (Crypt:3)
  A worker ant zombie (Crypt:1)
  A ball lightning (Depths:4)
38 creatures vanquished.

Vanquished Creatures (others)
  A deep elf master archer (Elf:3)
  An eldritch tentacle (Geh:6)
  A vault warden (Vaults:5)
  4 stone giants
  A purple draconian (Zot:3)
  A great orb of eyes (Depths:5)
  A ragged hierophant (Desolation)
  A yaktaur captain (Vaults:1)
  2 centaur warriors (Vaults:1)
  A hell hog (Geh:5)
  A naga sharpshooter (Snake:4)
  An anaconda skeleton (Geh:4)
  A large abomination (Abyss:2)
  A yaktaur (Vaults:3)
  A merfolk (Shoals:4)
  A wraith (Geh:7)
  A wight (Geh:3)
  A troll skeleton (Geh:3)
  A white imp (Abyss:3)
  6 ball lightnings (Depths:4)
  80 blocks of ice
  505 fire vortices
  22 fungi
  54 plants
  12 starspawn tentacles (Abyss:3)
  A withered plant (D:15)
703 creatures vanquished.

Grand Total: 4714 creatures vanquished

Notes
Turn   | Place    | Note
-------+----------+-------------------------------------------
     0 | D:1      | mortelune the Deep Elf Fire Elementalist began the quest
                  | for the Orb.
     0 | D:1      | Reached XP level 1. HP: 10/10 MP: 6/6
   403 | D:1      | Reached XP level 2. HP: 15/15 MP: 2/8
   644 | D:1      | Learned a level 2 spell: Throw Flame
   849 | D:1      | Found an ancient bone altar of Kikubaaqudgha.
   998 | D:1      | Reached skill level 2 in Conjurations
  1488 | D:2      | Found a burning altar of Makhleb.
  1489 | D:2      | Found a shimmering blue altar of Sif Muna.
  1490 | D:2      | Found a white marble altar of Elyvilon.
  1490 | D:2      | Found a basalt altar of Yredelemnul.
  1556 | D:2      | Reached XP level 3. HP: 19/19 MP: 6/9
  1764 | D:2      | Learned a level 3 spell: Conjure Flame
  1876 | D:2      | Found an iron altar of Okawaru.
  2700 | D:3      | Found a hide-covered altar of Uskayaw.
  3082 | D:3      | Reached XP level 4. HP: 17/24 MP: 6/11
  3172 | D:3      | Learned a level 4 spell: Sticky Flame
  3199 | D:3      | Found a stormy altar of Qazlal.
  3250 | D:3      | Noticed a bullfrog
  3253 | D:3      | Killed a bullfrog
  3253 | D:3      | Reached skill level 3 in Conjurations
  3253 | D:3      | Reached XP level 5. HP: 28/28 MP: 5/13
  3522 | D:4      | Found a staircase to the Ecumenical Temple.
  3538 | Temple   | Entered the Ecumenical Temple
  3609 | Temple   | Became a worshipper of Vehumet
  3730 | D:4      | Reached skill level 5 in Fire Magic
  3730 | D:4      | Reached XP level 6. HP: 17/32 MP: 5/14
  3731 | D:4      | Reached skill level 4 in Conjurations
  3999 | D:4      | Found a sand-covered staircase.
  4009 | Ossuary  | Entered an ossuary
  4586 | Ossuary  | Reached * piety under Vehumet
  4586 | Ossuary  | Offered knowledge of Magic Dart by Vehumet.
  4589 | Ossuary  | Learned a level 1 spell: Magic Dart
  5582 | Ossuary  | Reached XP level 7. HP: 33/36 MP: 1/16
  6092 | D:4      | Reached ** piety under Vehumet
  6138 | D:4      | Offered knowledge of Sting by Vehumet.
  6239 | D:4      | Reached skill level 5 in Spellcasting
  6239 | D:4      | Reached skill level 5 in Conjurations
  6585 | D:4      | Learned a level 5 spell: Fireball
  6727 | D:4      | Offered knowledge of Mephitic Cloud by Vehumet.
  6893 | D:4      | Noticed Sigmund
  7047 | D:5      | Entered Level 5 of the Dungeon
  7189 | D:5      | Found Raso's General Store.
  7203 | D:5      | Bought a ration for 50 gold pieces
  7203 | D:5      | Bought a ration for 50 gold pieces
  7203 | D:5      | Bought a ration for 50 gold pieces
  7203 | D:5      | Bought a potion of haste for 100 gold pieces
  7436 | D:5      | Reached *** piety under Vehumet
  7436 | D:5      | Reached skill level 6 in Conjurations
  7436 | D:5      | Reached XP level 8. HP: 39/41 MP: 4/18
  7659 | D:5      | Got a brightly glowing bone amulet
  7839 | D:5      | Reached skill level 5 in Dodging
  8108 | D:6      | Identified the amulet of Bynenk {Reflect *Corrode MR+ Dex+6
                  | SH+4 Stlth+} (You found it on level 5 of the Dungeon)
  8529 | D:6      | Offered knowledge of Olgreb's Toxic Radiance by Vehumet.
  8690 | D:6      | Noticed Edmund
  8782 | D:5      | Killed Edmund
  9122 | D:6      | Reached skill level 7 in Conjurations
  9645 | D:6      | Reached **** piety under Vehumet
  9747 | D:6      | Reached XP level 9. HP: 45/45 MP: 2/21
 10161 | D:7      | Offered knowledge of Force Lance by Vehumet.
 10163 | D:7      | Reached skill level 8 in Conjurations
 10571 | D:7      | Found Gunesor's Magic Scroll Boutique.
 10580 | D:7      | Bought a scroll of amnesia for 42 gold pieces
 10580 | D:7      | Bought a scroll of fear for 42 gold pieces
 10580 | D:7      | Bought a scroll of identify for 24 gold pieces
 11312 | D:8      | Found Mareen's Weapon Boutique.
 11448 | D:8      | Noticed Erica
 11459 | D:8      | Killed Erica
 11459 | D:8      | Reached skill level 9 in Conjurations
 11759 | D:8      | Reached XP level 10. HP: 50/50 MP: 12/24
 11839 | D:8      | Reached skill level 10 in Fire Magic
 12159 | D:8      | Found a staircase to the Lair.
 12305 | D:8      | Noticed Grum
 12317 | D:8      | Killed Grum
 12731 | D:9      | Noticed a two-headed ogre
 12852 | D:9      | Reached skill level 10 in Conjurations
 13012 | D:9      | Noticed a two-headed ogre
 13014 | D:9      | Noticed a catoblepas
 13140 | Lair:1   | Entered Level 1 of the Lair of Beasts
 13144 | Lair:1   | Noticed a spiny frog
 13146 | Lair:1   | Noticed a spiny frog
 13146 | Lair:1   | Noticed a black mamba
 13154 | Lair:1   | Noticed a black mamba
 13157 | D:8      | Killed a spiny frog
 13556 | D:8      | Killed a spiny frog
 13593 | D:8      | Killed a black mamba
 13593 | D:8      | Reached skill level 1 in Fighting
 13762 | Lair:1   | Noticed a spiny frog
 13768 | Lair:1   | Killed a spiny frog
 13770 | Lair:1   | Noticed a five-headed hydra
 13822 | Lair:1   | Killed a five-headed hydra
 13822 | Lair:1   | Reached XP level 11. HP: 42/57 MP: 3/26
 13939 | Lair:1   | Reached ***** piety under Vehumet
 14413 | Lair:1   | Offered knowledge of Iskenderun's Battlesphere by Vehumet.
 14420 | Lair:1   | Learned a level 5 spell: Iskenderun's Battlesphere
 14454 | Lair:1   | Reached skill level 11 in Conjurations
 15003 | Lair:1   | Noticed a seven-headed hydra
 15007 | Lair:1   | Reached skill level 10 in Spellcasting
 15012 | Lair:1   | Killed a seven-headed hydra
 15410 | Lair:2   | Learned a level 2 spell: Blink
 15635 | Lair:2   | Noticed Fannar
 15636 | Lair:2   | Noticed a seven-headed hydra
 15642 | Lair:2   | Killed Fannar
 15794 | Lair:2   | Killed a seven-headed hydra
 15940 | Lair:2   | Noticed Prince Ribbit
 15943 | Lair:2   | Killed Prince Ribbit
 17084 | Lair:3   | Reached XP level 12. HP: 64/64 MP: 17/28
 17085 | Lair:3   | Reached skill level 12 in Conjurations
 17635 | Lair:3   | Found a staircase to the Shoals.
 18260 | Lair:4   | Got a crude buckler
 18409 | Lair:4   | Identified the cursed -2 buckler "Uxebagup" {rPois rF-
                  | Dex+7} (You found it on level 4 of the Lair of Beasts)
 18558 | Lair:4   | Found a staircase to the Snake Pit.
 18579 | Lair:4   | Reached skill level 10 in Dodging
 19201 | Lair:4   | Found an ornate altar of the Wu Jian Council.
 19642 | Lair:5   | Noticed a seven-headed hydra
 19645 | Lair:5   | Killed a seven-headed hydra
 19646 | Lair:5   | Noticed a seven-headed hydra
 19651 | Lair:5   | Noticed a six-headed hydra
 19655 | Lair:5   | Killed a seven-headed hydra
 19657 | Lair:5   | Killed a six-headed hydra
 20099 | Lair:5   | Noticed a five-headed hydra
 20102 | Lair:5   | Killed a five-headed hydra
 20102 | Lair:5   | Reached skill level 13 in Conjurations
 20957 | Lair:5   | Reached XP level 13. HP: 72/72 MP: 7/30
 21586 | Lair:5   | Offered knowledge of Yara's Violent Unravelling by Vehumet.
 21741 | Lair:6   | Entered Level 6 of the Lair of Beasts
 21750 | Lair:6   | Reached skill level 5 in Fighting
 23319 | D:9      | Noticed Erolcha
 23324 | D:9      | Killed Erolcha
 23526 | D:9      | Learned a level 5 spell: Lightning Bolt
 24083 | D:9      | Found a staircase to the Orcish Mines.
 24511 | D:10     | Entered Level 10 of the Dungeon
 24876 | D:10     | Reached skill level 14 in Conjurations
 24972 | D:10     | Noticed Snorg
 24978 | D:10     | Killed Snorg
 25259 | D:10     | Found a runed translucent door.
 25264 | D:10     | Found the +10 large shield of Ignorance {rN+ Int-4}
 25301 | D:10     | Found a runed translucent door.
 25637 | D:11     | Offered knowledge of Freezing Cloud by Vehumet.
 25861 | D:11     | Noticed Psyche
 25868 | D:10     | Killed Psyche
 26915 | D:11     | Found a runed translucent gate.
 26915 | D:11     | Found a runed translucent gate.
 26915 | D:11     | Found a runed translucent gate.
 26916 | D:11     | Noticed dangerrune1's ghost (journeyman GrEE)
 26917 | D:11     | Noticed Pupilyir's ghost (journeyman MiBe)
 26917 | D:11     | Noticed Vexag's ghost (novice HOMo)
 26919 | D:11     | Noticed Yphutt's ghost (journeyman GnSk)
 27652 | D:11     | Learned a level 6 spell: Freezing Cloud
 27711 | D:12     | Reached skill level 1 in Air Magic
 27711 | D:12     | Reached XP level 14. HP: 69/80 MP: 3/32
 28114 | D:12     | Found a runed translucent gate.
 28571 | D:12     | Noticed Shukka's ghost (journeyman MiBe)
 28572 | D:12     | Found a runed translucent gate.
 28572 | D:12     | Found a runed translucent gate.
 28678 | D:12     | Noticed Josephine
 28797 | D:12     | Killed Josephine
 29043 | D:12     | Reached XP level 15. HP: 82/84 MP: 33/33
 29843 | D:13     | Found Keitypry's Gadget Shoppe.
 29846 | D:13     | Bought a phantom mirror for 420 gold pieces
 29977 | D:13     | Found Otoiclic's Magic Scroll Shoppe.
 29982 | D:13     | Bought a scroll of identify for 24 gold pieces
 29982 | D:13     | Bought a scroll of identify for 24 gold pieces
 29994 | D:13     | Got an ancient scale mail
 29995 | D:13     | Identified the cursed +1 scale mail of Sin {MR+ Int+2} (You
                  | found it on level 13 of the Dungeon)
 30031 | D:13     | Found Hiwal's Antique Armour Shoppe.
 30039 | D:13     | Found Vittisy's Assorted Antiques.
 30040 | D:13     | Bought a glowing buckler for 255 gold pieces
 30053 | D:13     | Bought a scroll of teleportation for 78 gold pieces
 30207 | D:13     | Noticed Urug
 30216 | D:13     | Killed Urug
 30842 | D:13     | Found Gisiw's Book Shoppe.
 30847 | D:13     | Offered knowledge of Bolt of Magma by Vehumet.
 30995 | D:13     | Found a gate to the Vaults.
 32026 | D:13     | Reached skill level 15 in Conjurations
 32278 | D:13     | Noticed an orc warlord
 33531 | Lair:5   | Learned a level 4 spell: Airstrike
 34370 | Lair:6   | Reached skill level 10 in Air Magic
 34370 | Lair:6   | Reached XP level 16. HP: 92/92 MP: 17/34
 34425 | Lair:6   | Found a staircase to the Slime Pits.
 37021 | Lair:6   | Offered knowledge of Iron Shot by Vehumet.
 37596 | Orc:1    | Entered Level 1 of the Orcish Mines
 38105 | Orc:1    | Found Ute Kesyi's Antique Armour Boutique.
 38214 | Orc:1    | Reached skill level 1 in Shields
 38425 | Orc:2    | Entered Level 2 of the Orcish Mines
 38948 | Orc:2    | Found Ahegimm's Jewellery Shop.
 39320 | Orc:2    | Found Ymoohar's Antique Armour Boutique.
 39328 | Orc:2    | Bought a pair of glowing boots for 202 gold pieces
 39335 | Orc:2    | Identified a +0 pair of boots of running (You bought it in
                  | a shop on level 2 of the Orcish Mines)
 39914 | Orc:2    | Found Ummutemp's General Store.
 39945 | Orc:2    | Found a staircase to the Elven Halls.
 40173 | Orc:2    | Found Kekh's Magic Scroll Shop.
 40184 | Orc:2    | Bought a scroll of blinking for 97 gold pieces
 40361 | Orc:2    | Found Iloolur's Antique Weapon Emporium.
 41237 | D:14     | Found a runed translucent door.
 41237 | D:14     | Noticed a sphinx
 41529 | D:14     | Offered knowledge of Spellforged Servitor by Vehumet.
 42064 | D:14     | Reached skill level 16 in Conjurations
 42346 | D:14     | Gained mutation: Scrolls take you a little longer to read.
                  | [a shining eye]
 42348 | D:14     | Gained mutation: You are dopey. (Int -2) [a shining eye]
 42663 | D:14     | Gained mutation: Armour fits poorly on your strangely
                  | shaped body. [a shining eye]
 42671 | D:14     | Lost mutation: Armour fits poorly on your strangely shaped
                  | body. [potion of mutation]
 42671 | D:14     | Lost mutation: Scrolls take you a little longer to read.
                  | [potion of mutation]
 42671 | D:14     | Lost mutation: You are dopey. (Int -2) [potion of mutation]
 42671 | D:14     | Gained mutation: You are robust. (+10% HP) [potion of
                  | mutation]
 42671 | D:14     | Gained mutation: You expend magic power (3 MP) to
                  | strengthen your wands. [potion of mutation]
 42678 | D:14     | Reached ****** piety under Vehumet
 42980 | D:14     | Found a blossoming altar of Fedhas.
 43092 | D:15     | Entered Level 15 of the Dungeon
 43612 | D:15     | Noticed a shadow dragon
 43619 | D:15     | Killed a shadow dragon
 43619 | D:15     | Reached XP level 17. HP: 108/108 MP: 11/35
 43997 | D:15     | Found a staircase to the Depths.
 44041 | D:15     | Found an opulent altar of Gozag.
 44090 | D:15     | Noticed Jorgrun
 44095 | D:15     | Killed Jorgrun
 44911 | D:15     | Identified the +9 falchion "Dasakieq" {elec, rC+ MR+
                  | Stlth+} (You found it on level 15 of the Dungeon)
 45171 | Shoals:1 | Entered Level 1 of the Shoals
 45281 | Shoals:1 | Found Ziliuhev's Magic Scroll Shoppe.
 45289 | Shoals:1 | Bought a scroll of blinking for 97 gold pieces
 45289 | Shoals:1 | Bought a scroll of teleportation for 39 gold pieces
 46053 | Shoals:1 | Offered knowledge of Orb of Destruction by Vehumet.
 47024 | Lair:4   | Learned a level 7 spell: Orb of Destruction
 47222 | Shoals:2 | Found Plog's Book Boutique.
 47255 | Shoals:2 | Identified the +4 fustibalus of Oxunouqe {freeze, SInv}
                  | (You found it on level 2 of the Shoals)
 48746 | Shoals:3 | Noticed Bai Suzhen
 48758 | Shoals:3 | Killed Bai Suzhen
 48952 | Shoals:3 | Noticed Ilsuiw
 48964 | Shoals:3 | Killed Ilsuiw
 49387 | Shoals:3 | Offered knowledge of Fire Storm by Vehumet.
 49387 | Shoals:3 | Offered knowledge of Glaciate by Vehumet.
 49387 | Shoals:3 | Offered knowledge of Chain Lightning by Vehumet.
 50506 | Shoals:4 | Entered Level 4 of the Shoals
 51536 | Shoals:4 | Reached skill level 1 in Armour
 51537 | Shoals:4 | Reached skill level 15 in Spellcasting
 52026 | Shoals:4 | Reached skill level 10 in Fighting
 52283 | Shoals:4 | Reached XP level 18. HP: 117/117 MP: 25/39
 52309 | Shoals:4 | Reached skill level 15 in Fire Magic
 52506 | Shoals:4 | Got a barnacled rune of Zot
 53364 | D:4      | Killed Sigmund
 53543 | Orc:1    | Bought the +2 ratskin cloak {+Rats rPois rN+ Str-1 Int-1
                  | Dex+1} for 722 gold pieces
 53543 | Orc:1    | Found the +2 ratskin cloak {+Rats rPois rN+ Str-1 Int-1
                  | Dex+1}
 53722 | Snake:1  | Entered Level 1 of the Snake Pit
 54203 | Snake:1  | Learned a level 8 spell: Ignition
 54499 | Snake:1  | Found Paaperuc's General Store.
 54506 | Snake:1  | Bought a potion of heal wounds for 95 gold pieces
 56981 | Snake:3  | Noticed Mara
 57248 | Snake:3  | Killed Mara
 57251 | Snake:3  | Reached skill level 5 in Armour
 58263 | Snake:4  | Entered Level 4 of the Snake Pit
 58712 | Snake:4  | Got a steaming shortbow
 58714 | Snake:4  | Identified the cursed +3 shortbow of Absolution {velocity,
                  | +Inv rF+} (You found it on level 4 of the Snake Pit)
 59147 | Snake:4  | Found a runed translucent door.
 59147 | Snake:4  | Found a shimmering altar of Xom.
 59147 | Snake:4  | Noticed Sokuv's ghost (adept DECj)
 59482 | Snake:4  | Reached XP level 19. HP: 124/124 MP: 31/41
 60810 | Snake:4  | Found a snail-covered altar of Cheibriados.
 63421 | Snake:4  | Got a serpentine rune of Zot
 63795 | D:11     | Killed Pupilyir's ghost
 63799 | D:11     | Killed dangerrune1's ghost
 63801 | D:11     | Killed Vexag's ghost
 63851 | D:11     | Killed Yphutt's ghost
 64978 | D:14     | Identified the +2 mace of Kismet {freeze, rF+ Str+4 Dex+3
                  | Stlth+} (You found it on level 14 of the Dungeon)
 65041 | Vaults:1 | Entered Level 1 of the Vaults
 65707 | Vaults:1 | Found Fuutig's Assorted Antiques.
 65833 | Vaults:1 | Noticed Saint Roka
 66126 | Elf:1    | Entered Level 1 of the Elven Halls
 66132 | Elf:1    | Reached skill level 15 in Dodging
 66247 | Elf:1    | Reached XP level 20. HP: 129/132 MP: 2/43
 66837 | Elf:1    | You fall into a shaft and drop 1 floor!
 66884 | Elf:2    | Noticed Nikola
 66891 | Elf:2    | Killed Nikola
 67687 | Elf:1    | Identified the Handbook of Confrontation
 68176 | Elf:2    | Found a runed translucent door.
 68664 | Elf:2    | Noticed Azrael
 68678 | Elf:2    | Killed Azrael
 68985 | Elf:2    | Found a huge runed translucent gate.
 68985 | Elf:2    | Found a huge runed translucent gate.
 68985 | Elf:2    | Found a huge runed translucent gate.
 68985 | Elf:2    | Found a huge runed translucent gate.
 69039 | Elf:2    | Found a huge runed translucent gate.
 70316 | Elf:2    | Found a shimmering altar of Xom.
 70316 | Elf:2    | Noticed Hiliwumm's ghost (veteran MiGl)
 70426 | Elf:3    | Entered Level 3 of the Elven Halls
 71477 | Elf:3    | Noticed Donald
 71482 | Elf:3    | Killed Donald
 72958 | Elf:3    | Identified the cursed +0 great mace of Valuable Assets
                  | {holy, *Rage rElec rF+++ MR++}
 72958 | Elf:3    | Identified the cursed +0 leather armour of the Sky {rN++
                  | MR+ Str-2 Dex+3}
 73258 | Elf:3    | Reached XP level 21. HP: 139/139 MP: 34/45
 73559 | Elf:3    | Identified the +10 mace of Fetif {freeze, Str+2}
 74362 | Elf:3    | Identified the +3 spear "Ubbe" {holy, rN+} (You found it on
                  | level 3 of the Elven Halls)
 75013 | D:13     | Killed Saint Roka
 75529 | Vaults:1 | Found a runed translucent door.
 75529 | Vaults:1 | Found a shimmering altar of Xom.
 75529 | Vaults:1 | Noticed quaternion's ghost (veteran MiFi)
 75529 | Vaults:1 | Identified the +7 rapier "Vitivvi" {chaos, MP+9 Int+2}
 77134 | Vaults:1 | Found Onealic's Weapon Boutique.
 77143 | Vaults:1 | Found Kuedorgh's Antique Armour Shoppe.
 77151 | Vaults:1 | Bought a runed helmet for 247 gold pieces
 78456 | Vaults:2 | Found Zuej Ymu's Assorted Antiques.
 78517 | Vaults:2 | Found Pemism's Jewellery Emporium.
 78521 | Vaults:2 | Bought a scroll of fog for 44 gold pieces
 78534 | Vaults:2 | Found Jeniumn's Weapon Emporium.
 78996 | Vaults:2 | Found Nijez's Magic Scroll Shoppe.
 79006 | Vaults:2 | Bought a scroll of blinking for 112 gold pieces
 79269 | Vaults:2 | Found a staircase to the Crypt.
 79488 | Vaults:2 | Reached XP level 22. HP: 146/146 MP: 39/48
 79752 | Vaults:3 | Found a ruined gateway.
 79774 | Vaults:3 | Learned a level 9 spell: Fire Storm
 79775 | Desolati | Entered the Desolation of Salt
 80906 | Vaults:3 | Found Dofat's Armour Shop.
 81699 | Vaults:4 | Noticed Boris
 81709 | Vaults:4 | Killed Boris
 82055 | Vaults:4 | Noticed Margery
 83412 | Depths:1 | Entered Level 1 of the Depths
 84632 | Depths:1 | Found a gateway to Hell.
 84911 | Depths:1 | Found Ecuc Weutte's Jewellery Emporium.
 85093 | Depths:1 | Got a vibrating platinum ring
 85094 | Depths:1 | Identified the ring "Neqyojaeh" {Ice rElec MR+ Str-3 SInv}
                  | (You found it on level 1 of the Depths)
 85187 | Depths:1 | Found Oruppi Hemo's Gadget Boutique.
 85188 | Depths:1 | Found Wacagg's Jewellery Emporium.
 85485 | Depths:1 | Found a corrupted altar of Lugonu.
 85492 | Depths:1 | Identified Lugonu's Grimoire of Attacks
 86542 | Depths:2 | Reached XP level 23. HP: 154/154 MP: 23/50
 87303 | Depths:2 | Reached skill level 17 in Conjurations
 87439 | Depths:2 | Noticed a caustic shrike
 87446 | Depths:2 | Killed a caustic shrike
 89854 | Depths:2 | Noticed a caustic shrike
 89866 | Depths:2 | Killed a caustic shrike
 92883 | Depths:3 | Reached skill level 18 in Conjurations
 93354 | Depths:3 | Found a gateway to a ziggurat.
 93357 | Depths:3 | Reached XP level 24. HP: 161/161 MP: 44/51
 93847 | Depths:3 | Found Waereqo's Jewellery Boutique.
 94824 | Depths:3 | Found a one-way gate leading to the halls of Pandemonium.
 95227 | Depths:3 | Found a one-way gate to the infinite horrors of the Abyss.
 95409 | Depths:3 | Noticed a juggernaut
 95422 | Depths:3 | Killed a juggernaut
 95860 | Depths:3 | Found the +8 lance "Wyrmbane" {slay drac, rPois rF+ rC+
                  | AC+3}
 95889 | Depths:3 | Identified the cursed +0 trident of Midwinter {vamp, rC+
                  | Str-2 Dex+2} (You found it on level 3 of the Depths)
 96136 | Orc:2    | Bought the amulet "Jeli" {*Drain rF++ Regen+ Str+3 Stlth+}
                  | for 870 gold pieces
 96180 | Orc:1    | Bought the +3 warlock's mirror {reflect} for 1040 gold
                  | pieces
 96180 | Orc:1    | Found the +3 warlock's mirror {reflect}
 96464 | Depths:3 | Found the +8 mithril axe "Arga" {speed, MR+}
 96468 | Depths:3 | Identified the ring of Pewk {rF+ MR+ Str-5 Int+4} (You
                  | found it on level 3 of the Depths)
 98854 | Depths:4 | Reached skill level 19 in Conjurations
 99161 | Depths:4 | Found the +3 pair of gauntlets of War {Slay+5}
100087 | Depths:4 | Got a pair of brightly glowing boots
100099 | Depths:4 | Identified the cursed +0 pair of boots of Disguise {Str+4}
                  | (You found it on level 4 of the Depths)
100328 | Depths:5 | Entered Level 5 of the Depths
100392 | Depths:5 | Found a flickering gateway to a bazaar.
100403 | Bazaar   | Entered a bazaar
100403 | Bazaar   | Found Ibeele's Antique Weapon Shoppe.
100403 | Bazaar   | Found Doameteh's Food Emporium.
100431 | Bazaar   | Found Atadwye's Magic Scroll Shoppe.
100431 | Bazaar   | Found Zaffek Xab's Jewellery Emporium.
100517 | Bazaar   | Bought a scroll of teleportation for 48 gold pieces
100537 | Bazaar   | Bought the ring of Jesavyq {*Drain MP+9 Str+4 Int+7 Stlth-}
                  | for 909 gold pieces
100873 | Depths:5 | Noticed a juggernaut
100880 | Depths:5 | Killed a juggernaut
100995 | Depths:5 | Noticed Boris
100999 | Depths:5 | Killed Boris
101000 | Depths:5 | Reached XP level 25. HP: 168/168 MP: 38/52
101187 | Depths:5 | Found a gate to the Realm of Zot.
101972 | Slime:1  | Entered Level 1 of the Pits of Slime
102455 | Slime:2  | You fall into a shaft and drop 1 floor!
102552 | Slime:2  | Lost mutation: You expend magic power (3 MP) to strengthen
                  | your wands. [a shining eye]
102975 | Slime:5  | Entered Level 5 of the Pits of Slime
103095 | Slime:5  | Noticed the Royal Jelly
103099 | Slime:5  | Killed the Royal Jelly
103099 | Slime:5  | Reached skill level 20 in Conjurations
103214 | Slime:5  | Got a fine wooden ring
103224 | Slime:5  | Got a fine pewter ring
103235 | Slime:5  | Got a slimy rune of Zot
103313 | Slime:5  | Identified the ring of Xaukat {+Fly rPois Str+3 Dex+2} (You
                  | found it on level 5 of the Pits of Slime)
103930 | Vaults:4 | Killed Margery
104654 | Vaults:4 | Identified the ring "Fyzxuoz" {MR+ Str+2} (You found it on
                  | level 5 of the Pits of Slime)
104887 | D:12     | Killed Shukka's ghost
105088 | Vaults:5 | Entered Level 5 of the Vaults
105091 | Vaults:5 | Reached skill level 1 in Evocations
105127 | Vaults:5 | Reached skill level 15 in Fighting
105318 | Vaults:5 | Reached XP level 26. HP: 176/176 MP: 23/53
106205 | Vaults:5 | Reached skill level 21 in Conjurations
106335 | Vaults:5 | Found Ifrosy's Food Emporium.
106341 | Vaults:5 | Reached skill level 5 in Evocations
106373 | Vaults:5 | Found Utimymag's Distillery.
106373 | Vaults:5 | Found Ginill's Distillery.
106378 | Vaults:5 | Bought a potion of heal wounds for 70 gold pieces
106378 | Vaults:5 | Bought 2 potions of curing for 84 gold pieces
106378 | Vaults:5 | Bought a potion of brilliance for 56 gold pieces
106378 | Vaults:5 | Bought a potion of agility for 56 gold pieces
106378 | Vaults:5 | Bought a potion of brilliance for 56 gold pieces
106416 | Vaults:5 | Bought a potion of haste for 130 gold pieces
106490 | Vaults:5 | Found Xaaq's Magic Scroll Shoppe.
106490 | Vaults:5 | Found Jubleh's Food Boutique.
106506 | Vaults:5 | Got a scorched whip
106508 | Vaults:5 | Identified the +6 whip of the Morning {pain, Str+3} (You
                  | took it off a vault sentinel on level 5 of the Vaults)
106515 | Vaults:5 | Bought 3 scrolls of identify for 102 gold pieces
106515 | Vaults:5 | Bought a scroll of teleportation for 51 gold pieces
106515 | Vaults:5 | Bought a scroll of teleportation for 51 gold pieces
106521 | Vaults:5 | Found Zoxait's Magic Scroll Emporium.
106532 | Vaults:5 | Bought a scroll of blinking for 112 gold pieces
106547 | Vaults:5 | Got a silver rune of Zot
106558 | Vaults:5 | Found Loisesux's Food Shop.
106558 | Vaults:5 | Found Etalapor's Magic Scroll Shoppe.
107132 | Vaults:5 | Identified the +1 cloak of Elitism {rN+ rCorr Slay-3} (You
                  | found it on level 5 of the Vaults)
107383 | Vaults:5 | Identified the ring "Gietuluc" {rPois MP+9 Str-2 Int+3
                  | SInv}
107679 | Vaults:5 | Identified the +14 plate armour of the Trilobite {rElec
                  | Str-3 Int+3}
107720 | Vaults:5 | Bought 3 scrolls of blinking for 270 gold pieces
107720 | Vaults:5 | Bought a scroll of fear for 42 gold pieces
107720 | Vaults:5 | Bought a scroll of blinking for 90 gold pieces
108099 | Vaults:5 | Identified the Collected Works on Dusty Snow
108720 | Zot:1    | Entered Level 1 of the Realm of Zot
110027 | Zot:1    | Reached XP level 27. HP: 181/181 MP: 38/53
110173 | Zot:1    | Reached skill level 22 in Conjurations
111064 | Zot:1    | Got a crude steel ring
111718 | Zot:1    | Identified the ring "Hoczurio" {rPois Str+6 Dex-3 SInv}
                  | (You found it on level 1 of the Realm of Zot)
112501 | Zot:2    | Noticed an orb of fire
112503 | Zot:2    | Gained mutation: Your magical capacity is low. (-10% MP)
                  | [an orb of fire]
112516 | Zot:1    | Lost mutation: You are robust. (+10% HP) [an orb of fire]
112526 | Zot:1    | Gained mutation: Your spells are a little easier to cast,
                  | but a little less powerful. [an orb of fire]
112540 | Zot:1    | Gained mutation: You evolve. [an orb of fire]
112794 | Zot:1    | Learned a level 9 spell: Tornado
112947 | Zot:2    | Reached skill level 15 in Air Magic
113045 | Zot:2    | Gained mutation: You have supernaturally acute eyesight.
                  | (SInv) [evolution]
114824 | Zot:3    | Reached skill level 23 in Conjurations
117513 | Zot:5    | Entered Level 5 of the Realm of Zot
117515 | Zot:5    | Reached skill level 1 in Short Blades
117608 | Zot:5    | Noticed an orb of fire
117617 | Zot:5    | Killed an orb of fire
118535 | Zot:5    | Noticed an ancient lich
118542 | Zot:5    | Killed an ancient lich
118542 | Zot:5    | Reached skill level 24 in Conjurations
118698 | Zot:5    | Noticed an orb of fire
118705 | Zot:5    | Gained mutation: You occasionally shout uncontrollably at
                  | your foes. [an orb of fire]
118708 | Zot:5    | Lost mutation: Your spells are a little easier to cast, but
                  | a little less powerful. [an orb of fire]
118727 | Zot:5    | Killed an orb of fire
118919 | Zot:5    | Noticed an orb of fire
118920 | Zot:5    | Gained mutation: You are frail. (-10% HP) [an orb of fire]
118943 | Zot:5    | Gained mutation: Potions are less effective at restoring
                  | your health. [an orb of fire]
118947 | Zot:5    | Gained mutation: You are very frail. (-20% HP) [an orb of
                  | fire]
118949 | Zot:5    | Killed an orb of fire
119111 | Zot:5    | Noticed an ancient lich
119115 | Zot:5    | Killed an ancient lich
119299 | Zot:5    | Reached skill level 5 in Short Blades
119448 | Zot:5    | Noticed an ancient lich
119451 | Zot:5    | Killed an ancient lich
119748 | Zot:5    | Noticed an orb of fire
119754 | Zot:5    | Gained mutation: You are dopey. (Int -2) [an orb of fire]
119775 | Zot:5    | Killed an orb of fire
119873 | Zot:5    | Lost mutation: You are very frail. (-20% HP) [potion of
                  | mutation]
119873 | Zot:5    | Lost mutation: You occasionally shout uncontrollably at
                  | your foes. [potion of mutation]
119873 | Zot:5    | Gained mutation: You are resistant to electric shocks.
                  | (rElec) [potion of mutation]
119873 | Zot:5    | Gained mutation: Armour fits poorly on your strangely
                  | shaped body. [potion of mutation]
119873 | Zot:5    | Lost mutation: You are frail. (-10% HP) [potion of
                  | mutation]
119875 | Zot:5    | Lost mutation: Armour fits poorly on your strangely shaped
                  | body. [potion of mutation]
119875 | Zot:5    | Lost mutation: Your magical capacity is low. (-10% MP)
                  | [potion of mutation]
119875 | Zot:5    | Lost mutation: You are dopey. (Int -2) [potion of mutation]
119875 | Zot:5    | Gained mutation: You are partially covered in molten
                  | scales. (AC +2) [potion of mutation]
119875 | Zot:5    | Gained mutation: You are robust. (+10% HP) [potion of
                  | mutation]
119987 | Zot:5    | Noticed an ancient lich
119998 | Zot:5    | Noticed an orb of fire
120001 | Zot:5    | Killed an ancient lich
120015 | Zot:5    | Gained mutation: You are clumsy. (Dex -2) [an orb of fire]
120032 | Zot:5    | Killed an orb of fire
120168 | Zot:5    | Noticed an ancient lich
120173 | Zot:5    | Killed an ancient lich
120489 | Zot:5    | Reached skill level 25 in Conjurations
121088 | Crypt:1  | Entered Level 1 of the Crypt
123278 | Crypt:1  | Lost mutation: You are clumsy. (Dex -2) [evolution]
124550 | Crypt:2  | Noticed Jory
124553 | Crypt:2  | Killed Jory
125353 | Crypt:3  | Entered Level 3 of the Crypt
125639 | Crypt:3  | Noticed Khufu
125643 | Crypt:3  | Killed Khufu
125643 | Crypt:3  | Noticed a greater mummy
125644 | Crypt:3  | Killed a greater mummy
125811 | Crypt:3  | Noticed Frederick
125814 | Crypt:3  | Killed Frederick
126244 | Crypt:3  | Found a staircase to the Tomb.
126692 | Crypt:3  | Noticed Sojobo
126695 | Crypt:3  | Killed Sojobo
126926 | Crypt:3  | Noticed an ancient lich
126929 | Crypt:3  | Killed an ancient lich
126937 | Crypt:3  | Reached skill level 26 in Conjurations
126953 | Crypt:3  | Identified the cursed +0 leather armour of the Past {*Drain
                  | Regen+ Str+4}
127412 | Crypt:3  | Found a basalt altar of Yredelemnul.
127873 | Crypt:3  | Learned a level 6 spell: Statue Form
128445 | Hell     | Entered the Vestibule of Hell
128445 | Hell     | Noticed Geryon
128451 | Hell     | Reached skill level 1 in Ice Magic
128452 | Hell     | Reached skill level 1 in Transmutations
128453 | Hell     | Killed Geryon
128713 | Hell     | Reached skill level 10 in Short Blades
129257 | Hell     | Found a gateway to the ashen valley of Gehenna.
129311 | Hell     | Found a gateway to the decaying netherworld of Tartarus.
129358 | Hell     | Found a gateway to the freezing wastes of Cocytus.
129450 | Hell     | Found a gateway to the Iron City of Dis.
129792 | Vaults:3 | Bought the +1 robe of Mirth {rElec rC++ Dex+4 Stlth-} for
                  | 795 gold pieces
129926 | D:13     | Bought a potion of heal wounds for 130 gold pieces
129947 | D:13     | Bought a scroll of fog for 24 gold pieces
130022 | Vaults:1 | Bought a scroll labeled CURRUAJITU for 40 gold pieces
130022 | Vaults:1 | Bought a scroll of fog for 80 gold pieces
130037 | Vaults:1 | Identified the +0 buckler of the Valley of Death {Int+4}
                  | (You acquired it on level 1 of the Vaults)
130109 | Vaults:1 | Lost mutation: You evolve. [evolution]
130282 | Vaults:5 | Bought a scroll of teleportation for 45 gold pieces
130282 | Vaults:5 | Bought a scroll of fear for 52 gold pieces
130282 | Vaults:5 | Bought a scroll of teleportation for 45 gold pieces
130282 | Vaults:5 | Bought a scroll of blinking for 112 gold pieces
130282 | Vaults:5 | Bought a scroll of blinking for 112 gold pieces
130282 | Vaults:5 | Bought a scroll of magic mapping for 52 gold pieces
130296 | Vaults:5 | Bought a potion of curing for 39 gold pieces
130296 | Vaults:5 | Bought a potion of agility for 52 gold pieces
130296 | Vaults:5 | Bought a potion of agility for 52 gold pieces
130296 | Vaults:5 | Bought a potion of might for 52 gold pieces
130296 | Vaults:5 | Bought a potion of curing for 39 gold pieces
130296 | Vaults:5 | Bought a potion of curing for 39 gold pieces
130296 | Vaults:5 | Bought a potion of curing for 39 gold pieces
130296 | Vaults:5 | Bought a potion of agility for 52 gold pieces
130567 | Depths:3 | Voluntarily entered the Abyss.
130616 | Abyss:1  | Identified the cursed +1 robe "Decuc" {-Tele +Fly rF+++
                  | Int+2} (You found it on level 1 of the Abyss)
130626 | Abyss:2  | Found a corrupted altar of Lugonu.
130686 | Abyss:2  | Found a corrupted altar of Lugonu.
130731 | Abyss:2  | Identified the +5 great sword "Curap" {slice, Dex+2} (You
                  | found it on level 2 of the Abyss)
130804 | Abyss:2  | Found a hide-covered altar of Uskayaw.
130825 | Abyss:3  | Found a transporter.
130825 | Abyss:3  | Found a transporter.
130946 | Abyss:3  | Found a corrupted altar of Lugonu.
130959 | Abyss:3  | Reached skill level 5 in Ice Magic
130974 | Abyss:3  | Identified the ring "Aneo" {rElec Dex+2 Slay+2} (You found
                  | it on level 3 of the Abyss)
130978 | Abyss:3  | Identified the +7 demon trident of Vaott {drain, rC+ Int-3
                  | SInv} (You found it on level 3 of the Abyss)
131077 | Abyss:3  | Reached skill level 5 in Transmutations
131422 | Abyss:3  | Reached skill level 10 in Evocations
131495 | Abyss:3  | Got an abyssal rune of Zot
131746 | Abyss:3  | Identified the +3 leather armour of Jemoh {Stlth+} (You
                  | found it on level 3 of the Abyss)
132034 | Abyss:3  | Found a corrupted altar of Lugonu.
132055 | Depths:3 | Escaped the Abyss
132272 | D:13     | Learned a level 9 spell: Glaciate
132455 | Geh:1    | Entered Level 1 of Gehenna
132909 | Geh:3    | Reached skill level 27 in Conjurations
133467 | Geh:2    | Lost mutation: You have supernaturally acute eyesight.
                  | (SInv) [mutagenic glow]
133467 | Geh:2    | Gained mutation: Scrolls take you a little longer to read.
                  | [mutagenic glow]
133546 | Geh:3    | Gained mutation: Scrolls take you longer to read.
                  | [mutagenic glow]
135116 | Hell     | Lost mutation: Scrolls take you longer to read. [potion of
                  | mutation]
135116 | Hell     | Lost mutation: Potions are less effective at restoring your
                  | health. [potion of mutation]
135116 | Hell     | Lost mutation: You are robust. (+10% HP) [potion of
                  | mutation]
135116 | Hell     | Gained mutation: Your magical capacity is low. (-10% MP)
                  | [potion of mutation]
135116 | Hell     | Gained mutation: Your muscles are strong. (Str +2) [potion
                  | of mutation]
135117 | Hell     | Lost mutation: Scrolls take you a little longer to read.
                  | [potion of mutation]
135117 | Hell     | Lost mutation: Your magical capacity is low. (-10% MP)
                  | [potion of mutation]
135117 | Hell     | Gained mutation: You are partially covered in iridescent
                  | scales. (AC +2) [potion of mutation]
135117 | Hell     | Gained mutation: You have large cloven feet. [potion of
                  | mutation]
135117 | Hell     | Gained mutation: Your spells are a little harder to cast,
                  | but a little more powerful. [potion of mutation]
135179 | Geh:3    | Gained mutation: Your magical capacity is low. (-10% MP)
                  | [mutagenic glow]
135207 | Geh:4    | Gained mutation: Scrolls take you a little longer to read.
                  | [mutagenic glow]
136253 | Geh:4    | Reached skill level 10 in Transmutations
137033 | Geh:5    | Gained mutation: You are clumsy. (Dex -2) [mutagenic glow]
137323 | Geh:5    | Reached skill level 1 in Polearms
137396 | Geh:6    | Reached skill level 10 in Ice Magic
137536 | Geh:6    | Reached skill level 15 in Evocations
137974 | Geh:7    | Entered Level 7 of Gehenna
139410 | Geh:7    | Reached skill level 5 in Polearms
139586 | Geh:7    | Identified the +4 long sword "Qipaohur" {slice, +Rage Str+2
                  | Dex+2 Stlth+} (You found it on level 7 of Gehenna)
139932 | Geh:7    | Identified the ring of Uskayaw's Benevolence {rPois MR+
                  | Str-5 Dex+2}
140547 | Geh:7    | Identified the +7 sceptre of Asmodeus
140547 | Geh:7    | Noticed Asmodeus
140566 | Geh:7    | Killed from afar by Asmodeus

Levels and vault maps discovered:
D:1:      dpeg_arrival_connections, layout_basic, minmay_hexomino_r4
D:2:      layout_basic, okawaru_metal_pillars_1_2, grunt_temple_overflow_open,
          minmay_rat_gold_closets
D:3:      layout_basic, overflow_temple_1_default, old_standard_altar,
          first_ration
D:4:      layout_basic, minmay_temple_entry_stoned_glass, enter_ossuary_3,
          minmay_joined_circles, uniq_sigmund
D:5:      layout_loops_ring, serial_shops, shop
D:6:      layout_basic, serial_park_tiny_pond, serial_bayou_lake_a, uniq_edmund
D:7:      layout_basic, serial_shops, shop
D:8:      layout_gridville, lair_entry_dummy, serial_shops, shop,
          grunt_livestock, uniq_erica, uniq_grum
D:9:      minmay_the_grid_plus [minmay_the_grid_large_cup,
          minmay_the_grid_zigzag_pyramid, minmay_the_grid_medium_cups,
          minmay_the_grid_small_cups, minmay_the_grid_prize_shrinking_boxes],
          layout_cave_pools, hiddenorc2_lemuel, uniq_erolcha
D:10:     layout_rooms, chequers_guarded_unrand_ignorance, uniq_snorg
D:11:     layout_layer_cave, gammafunk_ghost_cemetery, chequers_jeans,
          kennysheep_diamond, uniq_psyche
D:12:     layout_cave_pools, ebering_ghost_rock_garden, minmay_between,
          uniq_josephine
D:13:     evilmike_diamond_1, layout_long_grid, erik_vaults_2, serial_shops,
          shop, nicolae_shop_temple_entry_statues_fountains, kennysheep_mini,
          shop, nicolae_shop_temple_entry_statues_fountains, uniq_urug
D:14:     layout_cave_pools, fedhas_altar_1, kennysheep_decorative_pillar,
          small_statue_alley_a, kennysheep_treasure_room
D:15:     gammafunk_depths_entry_grave, layout_loops_ring, fungi_pond_lemuel,
          grunt_gozag_breadcrumbs, uniq_jorgrun
Temple:   regret_index_temple_waves
Lair:1:   layout_regular_city, beast_lair_carwin_6
Lair:2:   layout_gridlike, uniq_fannar, uniq_prince_ribbit2
Lair:3:   layout_concentric_octagons, minmay_shoals_entry_lonely_mermaid,
          grunt_megastairs_3, lemuel_fruit_fields
Lair:4:   layout_gridlike, minmay_snake_entry_six_corridors, basic_altar,
          cheibrodos_lair_reptile_den
Lair:5:   pond_and_an_island_with_a_cottage, layout_cave_pods,
          grunt_megastairs_1
Lair:6:   hangedman_lair_tendril_chambers, layout_misc_corridors,
          hangedman_lair_caniforms_friends, minmay_slime_entry_pillars,
          grunt_megastairs_4
Shoals:1: layout_shoals, serial_shops, shop, nicolae_shoals_loop_pool
Shoals:2: layout_shoals, serial_shops, nicolae_shop_waterfront,
          nicolae_shoals_hunting_party
Shoals:3: layout_shoals, uniq_ilsuiw, uniq_bai_suzhen
Shoals:4: shoals_end_grunt_ice, layout_shoals
Snake:1:  layout_layer_cave, serial_shops, shop, dpeg_stationary_puzzle
Snake:2:  layout_gridlike, drop_trap, chequers_hall_statues_corner_a,
          st_stairs_5, serial_bayou_shore_a
Snake:3:  layout_cave_shapes, uniq_mara
Snake:4:  snake_pit_salamanders_mu, layout_basic, basic_altar,
          ebering_ghost_xom, st_stairs_8, nicolae_snake_lava_pool
Slime:1:  nicolae_slime_pool, layout_caves
Slime:2:  layout_caves
Slime:3:  cheibrodos_slime_lost_civilization_3, layout_caves
Slime:4:  layout_caves
Slime:5
Orc:1:    layout_caves, serial_shops, nicolae_shop_stone, elves_outpost_lemuel
Orc:2:    grunt_orc_gardens, layout_caves, grunt_orc_garden, grunt_orc_garden,
          grunt_orc_garden, grunt_orc_garden, serial_shops, shop
Elf:1:    minmay_shoctagon, layout_loops_cross, minmay_elf_annihilation,
          minmay_misc_feat_ornament, item_on_display_a
Elf:2:    layout_onion_city, ebering_ghost_xom, minivault_14, uniq_nikola,
          uniq_azrael
Elf:3:    minmay_elf_hall_statues, layout_geoelf_castle, uniq_donald
Vaults:1: ebering_vaults_ghost_xom, vaults_standard_mumra_lines,
          vaults_room_boxed, v_pattern_4, v_alt_pattern_2, v_misc_12, v_misc_10,
          vaults_dpeg_diagonal, ontoclasm_vaults_gateway, st_smaller_cells,
          nicolae_vaults_inception_statues, vaults_mumra_chevron,
          vaults_dpeg_spiral, grunt_vaults_focal, layout_vaults_maze,
          serial_shops, shop, nicolae_shop_waterfront,
          nicolae_shop_overgrown_old_shop, uniq_saint_roka
Vaults:2: blue_anna_dwarven_crypt, grunt_vaults_swirl,
          nicolae_vaults_angled_halls, v_rooms_3, nicolae_vaults_angled_halls,
          nicolae_vaults_alarming, nicolae_vaults_diagonal_hallway_7,
          v_pattern_5, v_misc_17, layout_vaults_ring, serial_shops, shop,
          nicolae_shop_statue_plus, shop_coins, shop
Vaults:3: ontoclasm_vaults_ring_large, v_misc_22, vaults_room_pool,
          nicolae_vaults_asterisk, vaults_room_semicircle, v_misc_22,
          layout_vaults_omnigrid, serial_shops, shop,
          portal_desolation_entry_ruin
Vaults:4: v_misc_13, nicolae_vaults_border_crossing, layout_vaults_big_room,
          uniq_margery, uniq_boris
Vaults:5: serial_shops
Crypt:1:  layout_gridlike, grunt_crypt_arrival_split
Crypt:2:  layout_basic, uniq_jory
Crypt:3:  cryptofortress_bobbens, uniq_sojobo, uniq_khufu, uniq_frederick
Depths:1: layout_cave_pools, hangedman_abyss_or_decor_stagger, hell_entry,
          minivault_10, grunt_ministairs_7, minmay_misc_feat_roman,
          serial_sigils_hangedman_shear, tgw_lugonu_bribe, minmay_shop_grove,
          serial_bayou_shore_b
Depths:2: hangedman_box_tower, layout_honeycomb, bh_walls_and_bars,
          pf_hell_entry_tar_river
Depths:3: giant_chief_lemuel, layout_gridlike, enter_ziggurat_a, serial_shops,
          shop_statue, abyss_entry, chequers_serial_rivers_marsh,
          pf_dread_powers_of_hell, grunt_pan_entry_sceptre, evilmike_butchery
Depths:4: radiant_caverns_b_rkd, hell_entry, pan_entry, abyss_entry
Depths:5: evilmike_zot_entry_basic, layout_gridville, moated_statue,
          serial_shops, freezing_bzr, hangedman_coc_ice_floe, minivault_16
Hell
Geh:1:    layout_gehenna_lava_caves
Geh:2:    layout_gehenna_pools_basic, hangedman_gehenna_grave_pits
Geh:3:    layout_gehenna_lava_caves
Geh:4:    layout_gehenna_pools_box, hangedman_gehenna_grave_pits
Geh:5:    layout_gehenna_lava_caves
Geh:6:    layout_gehenna_pools_box
Geh:7:    geh_mu
Zot:1:    hangedman_zot_vaults_quadrants, layout_cathedral_of_symmetry,
          grunt_ministairs_5
Zot:2:    layout_basic
Zot:3:    layout_twisted_circle
Zot:4:    layout_gridlike, skrybe_zot_glass_1
Zot:5:    layout_misc_corridors, hangedman_zot_diagonal_lockstep

Skill      XL: |  1  2  3  4  5  6  7  8  9 10 11 12 13 14 15 16 17 18 19 20 21 22 23 24 25 26 27 |
---------------+----------------------------------------------------------------------------------+-----
Conjurations   | 2 3 4 6 7 9 10 11 13 14 15 16 18 19 20 21 27 | 27.0
Fire Magic     | 4 5 6 8 9 11 12 13 14 16 17 18 19 20 21 22 26 | 26.4
Dodging        | 3 4 6 7 8 9 10 11 12 13 14 15 17 18 19 20 22 23 24 26 | 26.2
Spellcasting   | 4 5 6 8 9 10 11 12 15 16 17 18 20 21 22 23 24 | 24.0
Fighting       | 1 3 4 6 7 8 10 11 12 13 14 15 | 15.2
Air Magic      | 1 7 10 12 13 20 | 20.8
Shields        | 3 4 |  4.0
Armour         | 1 6 8 |  8.8
Evocations     | 3 7 15 | 15.8
Short Blades   | 10 | 10.0
Ice Magic      | 11 | 11.5
Transmutations | 12 | 12.7
Polearms       | 6 |  6.3
Stealth        | |  2.4

Action                   |  1- 3 |  4- 6 |  7- 9 | 10-12 | 13-15 | 16-18 | 19-21 | 22-24 | 25-27 || total
-------------------------+-------+-------+-------+-------+-------+-------+-------+-------+-------++-------
Melee: Hand axe          |     5 |    14 |     3 |       |       |       |       |       |       ||    22
       Dire flail        |       |       |       |     1 |       |       |       |       |       ||     1
       Staff             |       |       |       |     4 |    20 |     9 |     2 |     2 |    11 ||    48
       Falchion          |       |       |       |       |       |    15 |    65 |     3 |       ||    83
       Mace              |       |       |       |       |       |       |     2 |       |       ||     2
       Rapier            |       |       |       |       |       |       |       |    19 |   110 ||   129
       Lance             |       |       |       |       |       |       |       |       |   101 ||   101
       Kick              |       |       |       |       |       |       |       |       |    23 ||    23
 Cast: Flame Tongue      |    33 |   102 |   130 |   154 |    96 |    19 |     3 |     1 |     9 ||   547
       Throw Flame       |    41 |     8 |   136 |   146 |   134 |       |       |     3 |       ||   468
       Conjure Flame     |     2 |     4 |     7 |     9 |     8 |     3 |       |       |       ||    33
       Sticky Flame      |       |    12 |    13 |    40 |    44 |    21 |    27 |     2 |     4 ||   163
       Magic Dart        |       |     2 |    27 |    21 |       |       |       |       |       ||    50
       Fireball          |       |       |    20 |    81 |   236 |   601 |   363 |   150 |   168 ||  1619
       Iskenderun's Batt |       |       |       |     9 |     4 |       |       |       |       ||    13
       Blink             |       |       |       |     2 |    14 |     4 |     3 |     3 |    69 ||    95
       Lightning Bolt    |       |       |       |       |    24 |    22 |       |       |       ||    46
       Freezing Cloud    |       |       |       |       |    45 |    76 |    77 |    20 |    97 ||   315
       Airstrike         |       |       |       |       |    18 |   135 |    86 |    36 |   240 ||   515
       Orb of Destructio |       |       |       |       |       |    11 |    95 |   401 |   552 ||  1059
       Ignition          |       |       |       |       |       |    20 |   121 |    88 |   192 ||   421
       Fire Storm        |       |       |       |       |       |       |       |    63 |   450 ||   513
       Glaciate          |       |       |       |       |       |       |       |       |    84 ||    84
       Statue Form       |       |       |       |       |       |       |       |       |    36 ||    36
       Tornado           |       |       |       |       |       |       |       |       |    20 ||    20
 Abil: End Transformatio |       |       |       |       |       |       |       |       |     1 ||     1
Evoke: Phantom mirror    |       |       |       |       |       |     2 |     2 |       |     3 ||     7
       Wand              |       |       |       |       |       |       |     3 |       |     1 ||     4
       Staff of energy   |       |       |       |       |       |       |       |       |    83 ||    83
       Crystal ball of e |       |       |       |       |       |       |       |       |     3 ||     3
  Use: Scroll            |       |       |    13 |     8 |    15 |    15 |     8 |    19 |    40 ||   118
       Potion            |       |       |       |       |     1 |     3 |     2 |     7 |    36 ||    49
  Eat: Chunk             |     8 |     1 |    18 |    21 |    41 |    63 |    67 |    35 |    33 ||   287
       Ration            |       |     2 |     3 |     6 |    11 |    22 |    11 |     9 |    28 ||    92
Armor: Robe              |     5 |    14 |     8 |    12 |    12 |    18 |    30 |    18 |   112 ||   229
       Skin              |       |       |       |       |       |       |       |       |   113 ||   113
       Leather armour    |       |       |       |       |       |       |       |       |     1 ||     1
Dodge: Dodged            |    17 |    47 |    41 |   108 |   143 |   146 |   157 |   183 |   859 ||  1701
Block: Other             |       |       |     4 |    20 |    23 |    12 |       |       |       ||    59
       Reflection        |       |       |       |       |     2 |    24 |    34 |    36 |    51 ||   147
       Buckler           |       |       |       |       |       |    67 |   142 |    94 |   305 ||   608
       Rpst.: Falchion   |       |       |       |       |       |    10 |    13 |     7 |       ||    30
